 Dungeon Crawl Stone Soup version 0.31-a0-234-gad7ace16ef (webtiles) character file.

Game seed: 8741930408267154341

35 qw the Shooter (level 3, 0/21 HPs)
             Began as a Gargoyle Hexslinger on July 9, 2023.
             Killed from afar by Natasha (8 damage)
             ... with a magic dart
             ... on level 2 of the Dungeon.
             The game lasted 00:00:22 (977 turns).

qw the Shooter (Gargoyle Hexslinger)                 Turns: 977, Time: 00:00:23

Health: 0/21       AC:  6    Str: 17    XL:     3   Next: 33%
Magic:  4/4        EV: 11    Int: 13    God:
Gold:   89         SH:  0    Dex: 14    Spells: 3/4 levels left

rFire   . . .        b - +3 sling
rCold   . . .        (no shield)
rNeg    + . .        m - +0 leather armour
rPois   inf          (no helmet)
rElec   +            (no cloak)
rCorr   .            (no gloves)
SInv    .            (no boots)
Will    .....        (no amulet)
Stlth   +            g - +6 ring of strength
HPRegen 0.23/turn    (no ring)
MPRegen 0.09/turn

%: no passive effects
@: no status effects
A: sickness immunity, AC +3, negative energy resistance 1, electricity
resistance, torment resistance 1, petrification resistance
a: no special abilities


You were on level 2 of the Dungeon.
You visited 1 branch of the dungeon, and saw 2 of its levels.

You collected 89 gold pieces.


Innate Abilities, Weirdness & Mutations

You are immune to sickness and miasma.
Your stone body is resilient. (AC +3)
You are immune to poison.
You resist negative energy. (rN+)
You are resistant to electric shocks. (rElec)
You are resistant to unholy torment.
You are immune to petrification.


   Skills:
 - Level 2.0 Fighting
 + Level 3.3 Ranged Weapons
 - Level 1.5 Dodging
 - Level 1.0 Spellcasting
 - Level 2.6 Hexes


You had 3 spell levels left.
You knew the following spells:

 Your Spells              Type           Power      Damage    Failure   Level
a - Slow                  Hex            28%        N/A       12%         1

Your spell library contained the following spells:

 Spells                   Type           Power      Damage    Failure   Level
 Inner Flame              Hex/Fire       4%         N/A       52%         3
 Portal Projectile        Hex/Tloc       8%         N/A       52%         3
 Cause Fear               Hex            3%         N/A       75%         4

Inventory:

Hand Weapons
 b - a +3 sling (weapon)
Armour
 m - a +0 leather armour (worn)
Jewellery
 g - a +6 ring of strength (left hand)
Scrolls
 a - a scroll of enchant armour {unknown}
 i - a scroll of identify
Potions
 c - a potion of brilliance {unknown}
 e - a potion of degeneration {unknown}
 f - a potion of curing {unknown}
 j - a potion of attraction {unknown}
 k - a potion of magic {unknown}

Dungeon Overview and Level Annotations

Branches:
Dungeon (2/15)

Altars:

Annotations:
D:2 Natasha


Message History

You shoot a sling bullet. The sling bullet hits the quokka.
The quokka is almost dead.
The quokka closely misses you.
You shoot a sling bullet.
The sling bullet closely misses the quokka.
The quokka bites you but does no damage.
The quokka closely misses you.
You shoot a sling bullet. The sling bullet hits the quokka.
You kill the quokka!
You start resting.
HP restored.
Things that are here:
a quokka corpse; a giant cockroach corpse
b - a +3 sling
Things that are here:
a +0 club; a goblin corpse
926 ||| SWAPPING to +3 sling.
b - a +3 sling (weapon)
927 ||| DROPPING +1 sling.
You drop a +1 sling.
c - a fuming emerald potion Natasha, Servant of Life and Death comes into view.
She is carrying a wand of flame (20).
You shoot a sling bullet. The sling bullet hits Natasha!
Natasha hisses angrily.
Natasha is heavily wounded.
Natasha zaps a wand.
The puff of flame hits you.
You shoot a sling bullet. The sling bullet barely misses Natasha.
You shoot a sling bullet. The sling bullet barely misses Natasha.
Natasha stares at you and mumbles some strange words.
The magic dart hits you.
You shoot a sling bullet. The sling bullet barely misses Natasha.
You shoot a sling bullet.
The sling bullet closely misses Natasha.
Natasha casts a spell at you. The magic dart hits you.
You shoot a sling bullet. The sling bullet hits Natasha.
Natasha is severely wounded.
Natasha closely misses you. Natasha casts a spell at you.
The magic dart hits you!
You die...

####. #. ###.... #.
##...... #. ##....... #.
#..####.# #.### ##).##...#
#...### #...#....# #.h...##
#...#....#
#.@....###........#
#.###..##....###### #.
#...#..%%# ###
#..##...#....####..
#########..................
#.......###########.#######
#.##...................#
#..............%...#####
#####.####.....##|##


You could see Natasha.

Vanquished Creatures
  2 dart slugs
  5 ball pythons
  3 giant cockroaches
  4 goblins
  A hobgoblin (D:1)
  3 jackals (D:1)
  3 kobolds (D:1)
  A quokka (D:2)
  A bat (D:1)
  A frilled lizard (D:1)
  4 rats
28 creatures vanquished.

Notes
Turn   | Place    | Note
-------+----------+-------------------------------------------
     0 | D:1      | qw the Gargoyle Hexslinger began the quest for the Orb.
     0 | D:1      | Reached XP level 1. HP: 12/12 MP: 2/2
     0 | D:1      | 0 ||| qw: Version: 0.3-a-51-g015441d
     0 | D:1      | 0 ||| qw: Game counter: 4218
     0 | D:1      | 0 ||| qw: Melee chars always use a shield: true
     0 | D:1      | 0 ||| qw: God list: Okawaru
     0 | D:1      | 0 ||| qw: Allow faded altars: false
     0 | D:1      | 0 ||| qw: Do Orc after clearing Dungeon:15 true
     0 | D:1      | 0 ||| qw: Do second Lair branch before Depths: true
     0 | D:1      | 0 ||| qw: Lair rune preference: random
     0 | D:1      | 0 ||| qw: Goals: Normal
     0 | D:1      | 0 ||| PLANNING D:1-11
    79 | D:1      | Reached XP level 2. HP: 13/16 MP: 3/3
   175 | D:1      | Reached skill level 3 in Ranged Weapons
   333 | D:1      | 333 ||| FLEEEEING.
   334 | D:1      | 334 ||| FLEEEEING.
   637 | D:1      | Reached XP level 3. HP: 21/21 MP: 4/4
   781 | D:1      | 781 ||| UPGRADING to +0 leather armour.
   791 | D:1      | 791 ||| DROPPING +0 robe.
   792 | D:1      | 792 ||| DROPPING amulet of magic regeneration.
   793 | D:1      | 793 ||| UPGRADING to +6 ring of strength.
   794 | D:1      | 794 ||| READING scroll labelled CUXTIA ZUMOFF.
   797 | D:1      | 797 ||| READING 2 scrolls labelled FETETE ZOHUDI.
   798 | D:1      | 798 ||| READING scroll labelled HAGRIYXTIN.
   799 | D:1      | 799 ||| DROPPING scroll of poison.
   926 | D:2      | 926 ||| SWAPPING to +3 sling.
   927 | D:2      | 927 ||| DROPPING +1 sling.
   971 | D:2      | Noticed Natasha
   977 | D:2      | Killed from afar by Natasha

Levels and vault maps discovered:
D:1:      erik_arrival_triangle_small, layout_basic,
          hangedman_decor_clover_reticule, minmay_misc_feat_encased
D:2:      minmay_recursive_quarters, layout_loops_corners,
          nicolae_shop_vocational, uniq_natasha

Skill      XL: |  1  2  3 |
---------------+----------+-----
Ranged Weapons | 3 |  3.3
Fighting       | 2 |  2.0
Dodging        | |  1.5
Spellcasting   | |  1.0
Hexes          | |  2.6

Action                     || total
---------------------------++-------
   Fire: Sling             ||    83
    Use: Scroll            ||     3
 Armour: Robe              ||    13
         Leather armour    ||    11
  Dodge: Dodged            ||    41

Table legend:
 A = Non-vault XP
 B = Vault XP
 C = Vault XP percentage of total XP
 D = Non-vault monster count
 E = Vault monster count
 F = Vault count percentage of total count
                 A         B        C        D         E       F
            +---------+---------+-------+---------+---------+-------
      Total |      37 |      13 |  26.0 |      22 |       6 |  21.4
            +---------+---------+-------+---------+---------+-------
        D:1 |      34 |       0 |   0.0 |      20 |       0 |   0.0
        D:2 |       3 |      13 |  81.2 |       2 |       6 |  75.0
            +---------+---------+-------+---------+---------+-------
